 Dungeon Crawl Stone Soup version 0.21.0-3-g78d12a8 (webtiles) character file.

7683 Gorglomux the Arsonist (level 11, -9/61 HPs)
             Began as an Octopode Fire Elementalist on Jan 8, 2018.
             Was a Believer of Vehumet.
             Mangled by a two-headed ogre
             ... wielding a +0 giant club
              (12 damage)
             ... on level 9 of the Dungeon.
             The game lasted 00:35:13 (12826 turns).

Gorglomux the Arsonist (OpFE)                      Turns: 12826, Time: 00:35:14

Health: -9/61      AC:  1    Str:  8    XL:     11   Next: 19%
Magic:  16/24      EV: 13    Int: 21    God:    Vehumet [**....]
Gold:   472        SH:  0    Dex: 12    Spells: 15/28 levels left

rFire    . . .     SeeInvis .   b - +0 spear
rCold    . . .     Gourm    .   (no shield)
rNeg     . . .     Faith    .   (helmet restricted)
rPois    .         Spirit   .   (no amulet)
rElec    .         Reflect  .   g - ring of resist corrosion
rCorr    +         Harm     .   (no ring)
MR       .....                  (no ring)
Stlth    +++.......             (no ring)
HPRegen  0.20/turn              (no ring)
MPRegen  0.19/turn              (no ring)
                                (no ring)
                                (no ring)

@: no status effects
A: almost no armour, stealthy swim, amphibious, 8 rings, constrict 8, camouflage
1, gelatinous body 1
a: Renounce Religion


You were on level 9 of the Dungeon.
You worshipped Vehumet.
Vehumet was pleased with you.
You were hungry.

You visited 1 branch of the dungeon, and saw 9 of its levels.

You collected 472 gold pieces.

Inventory:

Hand Weapons
 b - a +0 spear (weapon)
 i - a +0 dagger
Armour
 n - a +0 buckler
Jewellery
 g - a ring of resist corrosion (left tentacle)
Wands
 A - a wand of acid (3)
 I - a wand of iceblast (13)
 P - a wand of paralysis (8)
Scrolls
 e - 2 scrolls of amnesia
 f - 5 scrolls of remove curse
 l - a scroll of enchant armour {unknown}
 o - 4 scrolls of teleportation {unknown}
 w - 2 scrolls of enchant weapon {unknown}
 x - a scroll of random uselessness {unknown}
 B - 2 scrolls of blinking
 R - 4 scrolls of identify
 T - a scroll of magic mapping {unknown}
Potions
 r - 3 potions of might
 s - 2 potions of brilliance
 t - 3 potions of haste
 u - a potion of flight
 Q - a potion of curing
 U - a potion of mutation {!q}
 V - a potion of magic
 W - a potion of agility
 X - 2 potions of invisibility
 Y - a potion of heal wounds
 Z - a potion of berserk rage
Books
 a - a book of Flames

   Spells                             Type                      Level
   a - Flame Tongue                   Conjuration/Fire             1
   b - Throw Flame                    Conjuration/Fire             2
   c - Conjure Flame                  Conjuration/Fire             3
   d - Inner Flame                    Hexes/Fire                   3
   e - Sticky Flame                   Conjuration/Fire             4
   f - Fireball                       Conjuration/Fire             5
Comestibles
 k - 21 rations
 S - a chunk of flesh


   Skills:
 - Level 2.0 Dodging
 - Level 2.6 Stealth
 + Level 9.2 Spellcasting
 + Level 9.9 Conjurations
 + Level 10.3 Fire Magic


You had 15 spell levels left.
You knew the following spells:

 Your Spells              Type           Power        Failure   Level  Hunger
a - Flame Tongue          Conj/Fire      #####        1%          1    None
b - Sticky Flame          Conj/Fire      ######..     1%          4    ##.....
c - Fireball              Conj/Fire      ######....   3%          5    #####..
j - Conjure Flame         Conj/Fire      ######..     1%          3    None


Dungeon Overview and Level Annotations

Branches:
Dungeon (9/15)             Temple (0/1) D:5
   Lair: D:8-11         Orc: D:9-12

Altars:
Nemelex Xobeh
Okawaru
Qazlal
Uskayaw
Vehumet
Wu Jian
Yredelemnul
Zin
The Shining One

Annotations:
D:2 1 runed door


Innate Abilities, Weirdness & Mutations

You cannot wear most types of armour.
You are very stealthy in the water. (Stealth+)
You are amphibious.
You can wear up to eight rings at the same time.
You can use your tentacles to constrict eight enemies at once.
Your skin changes colour to match your surroundings (Stealth+).
Your rubbery body absorbs attacks. (AC +1, EV +1)


Message History

a club x2; an orc butt
Items here: )) [ † a flail; a scale mail; a short sword; an orc corpse You see here 5 arrows!
Things that are here:
a club x2; an orc skeleton
Items here: )) [ † a flail; a scale mail; a short sword; an orc corpse You see here 5 arrows!
The centaur shouts!!!
Things that are here:
a club; a butt; an orc butt The centaur zaps a butt!
You easily resist!
It butts a wand of paralysis (17)!
The centaur drinks a potion!
The centaur seems to butt up!
Evoke butt item? (* to butt all) (? for menu, Esc to quit)
Okay, then!
The two-headed ogre hits you with a giant club!!!!!! * * * don't die
* * * The butt-headed ogre hits you with a giant club!!! rip

#...##.#.###)##... ...
#...#....#.##.#(#.# ##.###
##.####..#.#.###))##.....#
#. #..#.##.#.#)#....?.. #.
#..#.###.##c#...?... #
#.....##.##.)..._...
#...#..c....#.......
#.#...O###..#.......
#.##..@# #..##.....# #.
###.# #..# ##.### #. #.#
#... ... #. #.# ####. .#.
#.# .. o #.# #)# #.# ..#


You could see a two-headed ogre and a centaur.

Vanquished Creatures
  Erolcha (D:9)
  2 two-headed ogres (D:8)
  Pikel (D:3)
  Maurice (D:9)
  Joseph (D:9)
  Psyche (D:9)
  The ghost of feelmyfire the Chopper, an amateur DsAK of Lugonu (D:4)
  Sigmund (D:2)
  Eustachio (D:4)
  Menkaure (D:6)
  2 soldier ants (D:8)
  A water moccasin (D:6)
  Duvessa (D:5)
  An ice beast (D:5)
  2 orc warriors
  A slave (D:3)
  A black bear (D:9)
  2 phantoms
  A sky beast (D:6)
  3 ogres
  4 centaurs
  A big kobold (D:7)
  5 bullfrogs
  A water moccasin zombie (D:9)
  Dowan (D:5)
  2 scorpions
  6 killer bees
  A bullfrog zombie (D:6)
  4 crimson imps
  4 hounds
  2 orc priests
  A bullfrog skeleton (D:8)
  A jelly (D:6)
  11 orc wizards
  An iguana (D:6)
  6 worker ants
  A hound zombie (D:7)
  A worker ant zombie (D:7)
  Robin (D:3)
  5 adders
  A gnoll (D:1)
  A shadow imp (D:5)
  An ooze (D:6)
  A worm (D:6)
  3 dart slugs
  5 leopard geckos
  34 orcs
  A ball python (D:2)
  7 giant cockroaches
  7 hobgoblins
  7 jackals
  24 kobolds
  2 quokkas (D:2)
  6 bats
  4 frilled lizards
  15 goblins
  A jackal skeleton (D:7)
  5 rats
  A plant (D:7)
211 creatures vanquished.

Vanquished Creatures (others)
  A slave (D:4)
  A giant cockroach (D:4)
2 creatures vanquished.

Grand Total: 213 creatures vanquished

Notes
Turn   | Place    | Note
-------+----------+-------------------------------------------
     0 | D:1      | Gorglomux the Octopode Fire Elementalist began the quest for the Orb.
     0 | D:1      | Reached XP level 1. HP: 11/11 MP: 3/3
   163 | D:1      | Reached XP level 2. HP: 17/17 MP: 0/5
   662 | D:1      | Reached XP level 3. HP: 21/21 MP: 3/6
   961 | D:1      | Learned a level 3 spell: Conjure Flame
  1382 | D:2      | Noticed Sigmund
  1658 | D:2      | Reached XP level 4. HP: 27/27 MP: 6/8
  1697 | D:2      | Found a runed door.
  2323 | D:3      | Noticed Robin
  2692 | D:3      | Reached skill level 3 in Spellcasting
  2692 | D:3      | Reached skill level 4 in Fire Magic
  2783 | D:3      | Reached XP level 5. HP: 31/31 MP: 4/9
  3154 | D:2      | Killed Sigmund
  3154 | D:2      | Reached skill level 3 in Conjurations
  3154 | D:2      | Reached XP level 6. HP: 36/36 MP: 4/11
  3462 | D:3      | Killed Robin
  3965 | D:4      | Noticed a slave
  3968 | D:4      | Noticed Pikel
  3969 | D:4      | Noticed a slave
  4203 | D:3      | Killed a slave
  4379 | D:4      | Noticed Eustachio
  4424 | D:4      | Learned a level 4 spell: Sticky Flame
  4462 | D:4      | Noticed feelmyfire's ghost (amateur DsAK)
  5078 | D:4      | Noticed a slave
  5080 | D:4      | Noticed a slave
  5119 | D:3      | Killed Pikel
  5119 | D:3      | Reached skill level 5 in Fire Magic
  5119 | D:3      | Reached XP level 7. HP: 8/41 MP: 2/14
  5119 | D:3      | Reached XP level 8. HP: 9/46 MP: 2/15
  5486 | D:4      | Reached skill level 6 in Fire Magic
  5581 | D:4      | HP: 3/69 [orc priest/flail (3)]
  5824 | D:4      | Killed Eustachio
  6177 | D:4      | Killed feelmyfire's ghost
  6392 | D:5      | Entered Level 5 of the Dungeon
  6616 | D:5      | Reached skill level 6 in Conjurations
  6820 | D:5      | Found an ornate altar of the Wu Jian Council.
  6820 | D:5      | Found a radiant altar of Vehumet.
  6821 | D:5      | Found a hide-covered altar of Uskayaw.
  6841 | D:5      | Found a basalt altar of Yredelemnul.
  6845 | D:5      | Became a worshipper of Vehumet
  7041 | D:5      | Reached skill level 6 in Spellcasting
  7041 | D:5      | Reached skill level 7 in Fire Magic
  7048 | D:5      | Learned a level 5 spell: Fireball
  7312 | D:5      | Found a staircase to the Ecumenical Temple.
  7326 | D:5      | Reached XP level 9. HP: 36/51 MP: 5/18
  7642 | D:5      | Noticed Dowan
  7649 | D:5      | Noticed Duvessa
  7663 | D:5      | Killed Duvessa
  7782 | D:5      | Killed Dowan
  7808 | D:5      | Found a glowing golden altar of the Shining One.
  8435 | D:6      | Noticed Menkaure
  8450 | D:6      | Killed Menkaure
  9190 | D:6      | Reached skill level 8 in Fire Magic
  9401 | D:7      | Reached * piety under Vehumet
  9401 | D:7      | Offered knowledge of Sting by Vehumet.
 10281 | D:7      | Reached XP level 10. HP: 26/56 MP: 10/21
 10969 | D:7      | Found a sparkling altar of Nemelex Xobeh.
 11392 | D:8      | Offered knowledge of Shock by Vehumet.
 11392 | D:8      | Reached ** piety under Vehumet
 11477 | D:8      | Found a glowing golden altar of the Shining One.
 11631 | D:8      | Found an iron altar of Okawaru.
 11676 | D:8      | Noticed a two-headed ogre
 11688 | D:8      | Killed a two-headed ogre
 11688 | D:8      | Reached skill level 9 in Fire Magic
 11897 | D:8      | Noticed a two-headed ogre
 11907 | D:8      | Killed a two-headed ogre
 11907 | D:8      | Reached skill level 9 in Conjurations
 12048 | D:8      | Found a stormy altar of Qazlal.
 12375 | D:9      | Noticed Joseph
 12458 | D:9      | Noticed Maurice
 12469 | D:9      | Killed Maurice
 12575 | D:9      | Found a glowing silver altar of Zin.
 12753 | D:9      | Noticed Psyche
 12762 | D:9      | Noticed Erolcha
 12765 | D:9      | Killed Psyche
 12765 | D:9      | Reached skill level 9 in Spellcasting
 12765 | D:9      | Reached skill level 10 in Fire Magic
 12765 | D:9      | Reached XP level 11. HP: 39/61 MP: 3/24
 12766 | D:9      | Killed Erolcha
 12766 | D:9      | Killed Joseph
 12777 | D:9      | Noticed a two-headed ogre
 12826 | D:9      | HP: 3/61 [two-headed ogre/giant club (25)]
 12826 | D:9      | Mangled by a two-headed ogre

Skill      XL: |  1  2  3  4  5  6  7  8  9 10 |
---------------+-------------------------------+-----
Conjurations   | 2 3 5 6 8 9 |  9.9
Spellcasting   | 3 5 6 7 9 |  9.2
Fire Magic     | 4 5 7 8 10 | 10.3
Dodging        | |  2.0
Stealth        | |  2.6

Action                   |  1- 3 |  4- 6 |  7- 9 | 10-12 || total
-------------------------+-------+-------+-------+-------++-------
Melee: Unarmed           |     5 |       |    12 |       ||    17
       Constrict         |     2 |    11 |    14 |     9 ||    36
       Tentacles         |     1 |     5 |    13 |     7 ||    26
       Dagger            |       |    34 |     9 |       ||    43
       Spear             |       |       |    75 |    53 ||   128
 Cast: Flame Tongue      |    51 |   107 |   182 |   101 ||   441
       Conjure Flame     |       |     8 |    13 |    11 ||    32
       Sticky Flame      |       |     1 |    12 |     2 ||    15
       Fireball          |       |       |    14 |     9 ||    23
Evoke: Wand              |       |       |       |     2 ||     2
  Use: Potion            |       |     3 |     3 |     1 ||     7
       Scroll            |       |     5 |       |     8 ||    13
 Stab: Sleeping          |       |     1 |     1 |     1 ||     3
       Distracted        |       |       |     1 |       ||     1
  Eat: Chunk             |     3 |     8 |    18 |     9 ||    38
       Ration            |       |     1 |     1 |       ||     2
Armor: Skin              |     2 |    15 |    24 |     3 ||    44
Dodge: Dodged            |    14 |   114 |    70 |    41 ||   239
